 Dungeon Crawl Stone Soup version 0.30-a0-1-g69b7b797bf (webtiles) character file.

Game seed: 7457766713777836058

68 BritishOli the Trooper (level 4, 35/35 HPs)
             Began as a Demonspawn Fighter on Aug 19, 2022.
             Got out of the dungeon alive.
             The game lasted 00:01:00 (2248 turns).

BritishOli the Trooper (Demonspawn Fighter)         Turns: 2248, Time: 00:01:01

Health: 35/35      AC:  8    Str: 18    XL:     4   Next: 1%
Magic:  13/13      EV:  9    Int: 10    God:
Gold:   76         SH:  4    Dex: 12    Spells: 3/3 levels left

rFire   . . .      SeeInvis .    a - +0 long sword
rCold   . . .      Faith    .    c - +0 buckler
rNeg    . . .      Spirit   .    b - +0 scale mail
rPois   .          Reflect  .    (helmet restricted)
rElec   .          Harm     .    (no cloak)
rCorr   .          Rampage  .    (no gloves)
Will    .....                    (no boots)
Stlth   ..........               (no amulet)
HPRegen 0.11/turn                f - ring of magical power
MPRegen 0.13/turn                (no ring)

@: no status effects
A: horns 1, yellow scales 1, powered by pain 1
a: no special abilities


You escaped.
You visited 1 branch of the dungeon, and saw 2 of its levels.

You collected 76 gold pieces.

Inventory:

Hand Weapons
 a - a +0 long sword (weapon)
Armour
 b - a +0 scale mail (worn)
 c - a +0 buckler (worn)
Jewellery
 f - a ring of magical power (left hand)
 g - a ring of wizardry
Scrolls
 e - a scroll of vulnerability {unknown}
 h - 2 scrolls of identify {unknown}
 i - 2 scrolls of poison {unknown}
 j - a scroll of silence {unknown}
 l - a scroll of magic mapping {unknown}
Potions
 d - a potion of might
 k - a potion of berserk rage {unknown}


   Skills:
 + Level 3.5 Fighting
 + Level 2.4 Long Blades
 + Level 3.2 Armour
 + Level 3.2 Shields


You had 3 spell levels left.
You didn't know any spells.
Your spell library contained the following spells:

 Spells                   Type           Power      Damage    Failure   Level
 Blink                    Tloc           0%         N/A       93%         2
 Sublimation of Blood     Necr           0%         N/A       93%         2
 Wereblood                Tmut           0%         N/A       93%         2
 Lesser Beckoning         Tloc           0%         N/A       99%         3
 Manifold Assault         Tloc           0%         N/A       100%        5
 Summon Hydra             Summ           0%         N/A       100%        7


Dungeon Overview and Level Annotations

Branches:
Dungeon (2/15)

Altars:


Innate Abilities, Weirdness & Mutations

You have a pair of small horns on your head.
You are partially covered in yellow scales. (AC +2)
You sometimes gain a little power by taking damage.


Message History

A giant cockroach is nearby!
A giant cockroach is nearby!
The giant cockroach closely misses you.
A giant cockroach is nearby!
You closely miss the giant cockroach. You block the giant cockroach's attack.
The giant cockroach bites you but does no damage.
You hit the giant cockroach but do no damage.
You headbutt the giant cockroach.
You kill the giant cockroach!
You have reached level 4!
You feel clever.
Your demonic ancestry asserts itself...
Yellow scales grow over part of your body.
No target in view!
You see here a giant cockroach corpse.
There is a stone staircase leading down here.
There is a stone staircase leading up here.
Done exploring.
Done exploring.
No target in view!
Done exploring.
No target in view!
Done exploring.
No target in view!
Done exploring.
No target in view!
Done exploring.
No target in view!
Done exploring.
(D) Dungeon
Where to? (Enter - D:2, ? - help)
There is a stone staircase leading up here.
You climb upwards.
There is a stone staircase leading down here.
There is an open door here.
There is an open door here.
There is a stone staircase leading down here.
There is an open gate here.
There is a staircase leading out of the dungeon here.
Are you sure you want to leave the Dungeon?
This will make you lose the game!
You have escaped!

######################
≈≈≈≈≈≈≈≈≈≈≈≈≈≈≈≈≈≈≈≈≈♣
≈≈≈≈≈≈≈≈≈≈≈≈≈≈≈≈≈≈♣
≈≈≈≈≈≈≈≈~~~~≈≈~~≈≈♣ ##
≈≈≈≈≈≈~~~..~~..♣♣♣♣ #.
≈≈≈≈≈~...........♣ #.
≈≈≈≈~............♣ #.
≈≈≈≈............P♣ ##### #.
≈≈≈....P.♣.....♣@♣ #...# #.
≈≈~~..........♣♣♣♣ #...# #.
≈≈~......♣P.P.♣ #...# #.
≈≈~.....♣###### #...# #.
≈~~~....P# #...######.
≈~.......##############..........
≈≈~.....P#................######.
≈≈≈~....♣#.###########....######.
≈≈≈~....♣#.######### #...........


There were no monsters in sight!

Vanquished Creatures
  A gnoll (D:1)
  2 adders (D:2)
  A dart slug (D:1)
  A bat (D:1)
  3 endoplasms
  3 giant cockroaches
  8 hobgoblins
  3 kobolds (D:1)
  A quokka (D:1)
  4 ball pythons
  3 frilled lizards
  2 goblins (D:1)
  5 rats
37 creatures vanquished.

Notes
Turn   | Place    | Note
-------+----------+-------------------------------------------
     0 | D:1      | BritishOli the Demonspawn Fighter began the quest for the
                  | Orb.
     0 | D:1      | Reached XP level 1. HP: 18/18 MP: 1/1
   249 | D:1      | Gained mutation: You sometimes gain a little power by
                  | taking damage. [demonic ancestry]
   249 | D:1      | Reached XP level 2. HP: 23/24 MP: 2/2
   636 | D:1      | Gained mutation: You have a pair of small horns on your
                  | head. [demonic ancestry]
   636 | D:1      | Reached XP level 3. HP: 16/29 MP: 3/3
  2084 | D:2      | Gained mutation: You are partially covered in yellow
                  | scales. (AC +2) [demonic ancestry]
  2084 | D:2      | Reached XP level 4. HP: 35/35 MP: 4/4
  2248 | D:$      | Got out of the dungeon alive.

Illustrated notes

Levels and vault maps discovered:
D:1:      kennysheep_arrival_seaside, layout_basic, nicolae_grassy_gnolls
D:2:      layout_loops_ring

Skill      XL: |  1  2 |
---------------+-------+-----
Long Blades    | 2 |  2.4
Armour         | 3 |  3.2
Shields        | 3 |  3.2
Fighting       | |  3.5

Action                   |  1- 3 |  4- 6 || total
-------------------------+-------+-------++-------
Melee: Long sword        |   115 |       ||   115
       Headbutt          |    10 |       ||    10
Armor: Scale mail        |    49 |       ||    49
Dodge: Dodged            |    58 |       ||    58
Block: Buckler           |    22 |       ||    22

Table legend: (Time is in decaauts)
 A = Elapsed time spent in this place.
 B = Non-inter-level travel time spent in this place.
 C = Inter-level travel time spent in this place.
 D = Time resting spent in this place.
 E = Time spent auto-exploring this place.
 F = Levels seen in this place.
 G = Mean time per level.
                   A        B        C        D        E       F      G
               +--------+--------+--------+--------+--------+-----+--------+
         Total |   2288 |   2155 |    133 |      0 |   1882 |   2 | 1144.0 |
       Dungeon |   2288 |   2155 |    133 |      0 |   1882 |   2 | 1144.0 |
               +--------+--------+--------+--------+--------+-----+--------+

Top non-repeatable levels by time:
     D:1: 1527 daAuts
     D:2: 760 daAuts
